 Dungeon Crawl Stone Soup version 0.24-a0-292-g5c6fb1cd70 (webtiles) character file.

Game seed: 14706074330365889672

36 smash999 the Chopper (level 3, -1/31 HPs)
             Began as a Hill Orc Berserker on May 10, 2019.
             Was a Believer of Trog.
             Killed from afar by an orc wizard (6 damage)
             ... with a magic dart
             ... on level 4 of the Dungeon.
             The game lasted 00:05:28 (1303 turns).

smash999 the Chopper (Hill Orc Berserker)           Turns: 1303, Time: 00:05:28

Health: -1/31      AC:  2    Str: 20    XL:     3   Next: 37%
Magic:  3/3        EV: 12    Int:  7    God:    Trog [**....]
Gold:   57         SH:  0    Dex: 10    Spells: 2/2 levels left

rFire    . . .     SeeInvis .   a - +0 hand axe
rCold    . . .     Gourm    .   (no shield)
rNeg     . . .     Faith    .   b - +0 animal skin
rPois    .         Spirit   .   (no helmet)
rElec    .         Reflect  .   (no cloak)
rCorr    .         Harm     .   (no gloves)
MR       .....                  (no boots)
Stlth    +.........             (no amulet)
HPRegen  0.10/turn              (no ring)
MPRegen  0.08/turn              (no ring)

@: slowed, very slow
A: no striking features
a: Berserk, Trog's Hand, Renounce Religion


You were on level 4 of the Dungeon.
You worshipped Trog.
Trog was pleased with you.
You were not hungry.

You visited 1 branch of the dungeon, and saw 4 of its levels.

You collected 57 gold pieces.


   Skills:
 - Level 3.6 Fighting
 * Level 5.8 Axes
 - Level 2.1 Armour
 - Level 1.5 Dodging


You had 2 spell levels left.
You didn't know any spells.
Your spell library was empty.

Inventory:

Hand Weapons
 a - a +0 hand axe (weapon)
Missiles
 e - 24 stones (quivered)
Armour
 b - a +0 animal skin (worn)
Scrolls
 i - a scroll of teleportation {unknown}
 l - a scroll of immolation {unknown}
Potions
 f - 2 potions of mutation {unknown}
 h - 2 potions of invisibility {unknown}
 j - a potion of haste {unknown}
Comestibles
 c - 3 rations {@e1}

Dungeon Overview and Level Annotations

Branches:
Dungeon (4/15)
 Temple: D:4-7

Altars:

Annotations:
D:2 Sigmund

#..<).........
#..o@.........
#####.#.........
#....#..... #
##.........###..
#...............
#..####.........
#....##.........
###..##.....#
#.........#
##............
#............
##.#...##....
####..# #.. ####
#


You could see an orc wizard.


Message History

The hobgoblin is heavily wounded.
You see here a robe.
You barely miss the hobgoblin.
The hobgoblin is heavily wounded.
The hobgoblin hits you with a +0 club!
You completely miss the hobgoblin.
The hobgoblin is heavily wounded.
The hobgoblin barely misses you.
You closely miss the hobgoblin.
The hobgoblin is heavily wounded.
The hobgoblin closely misses you.
You hit the hobgoblin but do no damage.
The hobgoblin is heavily wounded.
You hit the hobgoblin but do no damage.
The hobgoblin is heavily wounded.
The hobgoblin barely misses you.
You hit the hobgoblin.
You kill the hobgoblin!
Trog accepts your kill.
Things that are here:
a +0 club; a robe All of the chunks of flesh in your inventory have rotted away.
HP restored.
There is a stone staircase leading down here.
You fall through a shaft for 2 floors!
The shaft crumbles and collapses.
Okay, then.
Found a stone staircase leading up.
A jackal skeleton comes into view.
There is a stone staircase leading up here.
The jackal skeleton bites you.
You climb upwards.
The orc shouts!
A bat and 3 orc wizards come into view.
The orc wizard shouts! x3; You hear a shout!
There is a stone staircase leading down here.
You closely miss the bat. The bat misses you.
The bat hits you but does no damage. The orc wizard casts a spell at you.
You resist with significant effort.
An orc comes into view. It is wielding a +0 flail.
You hit the bat but do no damage. The bat misses you.
The bat barely misses you. x2
You climb downwards.
The jackal skeleton bites you but does no damage.
There is a stone staircase leading up here.
You slash the jackal skeleton!
You destroy the jackal skeleton!
Trog accepts your kill.
You start resting.
HP restored.
You climb upwards.
The bat hits you but does no damage. x2
The orc misses you.
There is a stone staircase leading down here.
The bat hits you. The bat barely misses you. x2
You climb downwards.
There is a stone staircase leading up here.
You hit the orc wizard.
The orc wizard is moderately wounded.
You barely miss the orc. The orc completely misses you.
The orc wizard barely misses you.
You closely miss the orc wizard.
The orc wizard is moderately wounded.
You closely miss the orc. The orc misses you.
The orc wizard hits you with a +0 dagger.
You barely miss the orc wizard.
The orc wizard is moderately wounded.
You slash the orc!
You kill the orc!
Trog accepts your kill.
You can now call upon Trog for regeneration and magic resistance.
The orc wizard mumbles some strange words.
The orc wizard blinks!
The orc wizard gestures at you while chanting.
The magic dart hits you!
You hit the orc wizard but do no damage.
The orc wizard is moderately wounded.
The orc wizard casts a spell at you.
You feel yourself slow down.
You barely miss the orc wizard.
The orc wizard is moderately wounded.
The orc wizard hits you but does no damage.
The orc wizard closely misses you.
You hit the orc wizard but do no damage.
The orc wizard is moderately wounded.
The orc wizard gestures at you while chanting.
The magic dart hits you!
* * * LOW HITPOINT WARNING * * *
Unknown command.
You barely miss the orc wizard.
The orc wizard is moderately wounded.
The orc wizard gestures at you while chanting.
The magic dart hits you.
* * * LOW HITPOINT WARNING * * *
The orc wizard casts a spell.
The orc wizard blinks!
The orc wizard hits you but does no damage.
The orc wizard complains noisily.
The orc wizard gestures at you while chanting.
The magic dart hits you.
You die...

Skill      XL: |  1  2 |
---------------+-------+-----
Axes           | 5 |  5.8
Fighting       | |  3.6
Armour         | |  2.1
Dodging        | |  1.5

Action                   || total
-------------------------++-------
Melee: Hand axe          ||   108
Throw: Stone             ||     8
  Eat: Chunk             ||     1
Armor: Animal skin       ||    18
Dodge: Dodged            ||    70

Levels and vault maps discovered:
D:1:      matt_arrival_refuge, layout_basic, serial_bayou_crossing
D:2:      layout_loops_ring, chequers_garden, uniq_sigmund
D:3:      layout_loops_ring
D:4:      layout_cave_pools, lemuel_doored_altar, uniq_duvessa

Notes
Turn   | Place    | Note
-------+----------+-------------------------------------------
     0 | D:1      | smash999 the Hill Orc Berserker began the quest for the
                  | Orb.
     0 | D:1      | Reached XP level 1. HP: 19/19 MP: 1/1
    83 | D:1      | Reached XP level 2. HP: 17/26 MP: 2/2
   238 | D:1      | Reached skill level 5 in Axes
   627 | D:1      | Reached XP level 3. HP: 31/31 MP: 3/3
  1037 | D:1      | You fall through a shaft!
  1038 | D:2      | Noticed Sigmund
  1268 | D:2      | You fall through a shaft for 2 floors!
  1296 | D:4      | Reached ** piety under Trog
  1303 | D:4      | Killed from afar by an orc wizard

Vanquished Creatures
  2 dart slugs (D:1)
  An orc (D:4)
  A ball python (D:1)
  3 goblins (D:1)
  5 hobgoblins
  4 jackals (D:1)
  7 kobolds (D:1)
  2 frilled lizards
  A jackal skeleton (D:4)
  A rat (D:1)
27 creatures vanquished.

Table legend:
 A = Turns spent in this place as a percentage of turns spent in the entire game.
 B = Non-inter-level travel turns spent in this place as a percentage of non-inter-level travel turns spent in the entire game.
 C = Inter-level travel turns spent in this place as a percentage of turns spent in this place.
 D = Turns resting spent in this place as a percentage of non-inter-level travel turns spent in this place.
 E = Turns spent auto-exploring this place as a percentage of non-inter-level travel turns spent in this place.
 F = Non-inter-level travel turns spent in this place divided by the number of levels of this place that you've seen.
                   A       B       C       D       E      F
               +-------+-------+-------+-------+-------+----------------------
         Total | 100.0 | 100.0 |   0.0 |  10.4 |  48.8 | 325.8
       Dungeon | 100.0 | 100.0 |   0.0 |  10.4 |  48.8 | 325.8
               +-------+-------+-------+-------+-------+----------------------

Table legend:
 A = Non-vault XP
 B = Vault XP
 C = Vault XP percentage of total XP
 D = Non-vault monster count
 E = Vault monster count
 F = Vault count percentage of total count
                 A         B        C        D         E       F
            +---------+---------+-------+---------+---------+-------
      Total |      52 |       0 |   0.0 |      27 |       0 |   0.0
            +---------+---------+-------+---------+---------+-------
        D:1 |      45 |       0 |   0.0 |      23 |       0 |   0.0
        D:2 |       3 |       0 |   0.0 |       2 |       0 |   0.0
        D:4 |       4 |       0 |   0.0 |       2 |       0 |   0.0
            +---------+---------+-------+---------+---------+-------
